Map: Green Acres

Players

Blubbel

  • Race: Terran Terran
  • League: Silver
  • Spawn Location: 1:00

zod

  • Race: Protoss Protoss
  • League: Silver
  • Spawn Location: 3:00

drummerulas

  • Race: Protoss Protoss
  • League: Gold
  • Spawn Location: 12:00

stana

  • Race: Terran Terran
  • Spawn Location: 9:00

Huhmmer

  • Race: Zerg Zerg
  • Spawn Location: 7:00

Andr

  • Race: Protoss Protoss
  • Spawn Location: 6:00

VOD

Have the link to the VOD?

Description

Time

  • Played on: Dec. 30, 2015, 2:12 p.m.
  • Length: 17:38
Show
View Real Time Build Order
Export as new Build Order

Blubbel Terran 

Build Orders:  

Get SALT Encoding   

  12  0:01  SCV  
  13  0:13  SCV  
  14  0:25  SCV  
  14  0:27  Supply Depot  
  15  0:44  Refinery  
  15  0:49  SCV  
  16  0:52  Barracks  
  16  1:07  SCV  
  17  1:19  SCV  
  18  1:31  SCV  
  19  1:45  Command Center  
  19  1:48  Marine  
  19  1:51  SCV  
  21  2:03  SCV, Factory  
  21  2:06  Refinery  
  22  2:18  Marine  
  22  2:22  Orbital Command  
  23  2:49  Factory Tech Lab  
  23  2:58  Bunker  
  23  3:02  Marine  
  24  3:30  Siege Tank  
  27  3:47  Starport  
  27  4:02  Siege Tank  
  30  4:34  Supply Depot, Siege Tank  
  33  5:13  SCV  
  34  5:18  Siege Tank, Engineering Bay  
  37  5:25  SCV  
  38  5:37  SCV  
  39  5:49  SCV  
  40  5:51  Siege Tank  
  43  5:57  Supply Depot  
  43  6:07  Missile Turret  
  43  6:11  Missile Turret  
  43  6:16  SCV  
  44  6:21  Barracks Tech Lab, Barracks  
  44  6:28  SCV  
  44  6:31  Missile Turret  
  45  6:40  SCV  
  46  6:52  SCV  
  46  6:53  Combat Shields  
  47  6:55  Terran Infantry Weapons Level 1  
  47  6:56  Widow Mine  
  47  6:59  Starport Reactor  
  49  7:03  SCV  
  49  7:04  SCV  
  51  7:13  Barracks  
  51  7:14  Barracks Reactor  
  51  7:15  SCV  
  52  7:16  SCV  
  52  7:21  Supply Depot  
  53  7:28  SCV  
  54  7:42  Medivac, Widow Mine  
  58  8:05  Barracks Tech Lab  
  58  8:10  Barracks  
  58  8:12  Supply Depot  
  58  8:31  Viking x2  
  62  8:37  Command Center  
  62  8:38  Marauder x2  
  62  8:40  Marine x2  
  68  8:57  Marine  
  68  8:58  Marine  
  70  9:14  Viking, Widow Mine  
  70  9:15  Marauder x2  
  70  9:16  Viking, Marine x2  
  82  9:32  Barracks Reactor  
  82  9:34  Marine x2  
  82  9:35  Stimpack  
  82  9:36  Concussive Shells, Marauder  
  86  9:46  Missile Turret  
  86  9:48  Widow Mine  
  86  9:49  Marauder  
  86  9:50  Supply Depot  
  90  9:53  Supply Depot  
  90  9:57  Marauder  
  92  10:06  Refinery x2  
  90  10:10  Marauder  
  92  10:15  Supply Depot  
  92  10:16  Widow Mine  
  93  10:39  Supply Depot  
  80  11:01  Supply Depot  
  73  11:14  SCV  
  70  11:26  SCV  
  67  11:38  SCV  
  68  11:45  Marauder x2  
  68  11:46  Marine  
  73  11:47  Marine x3  
  73  11:53  Terran Infantry Armor Level 1  
  76  11:58  Supply Depot  
  76  12:03  Barracks  
  76  12:04  Marine x2  
  76  12:05  Marine x2  
  76  12:07  Marauder x2  
  84  12:25  Medivac x2  
  84  12:28  Marauder x2  
  88  12:49  Marauder  
  88  12:50  Missile Turret, Marauder  
  83  13:09  SCV  
  83  13:11  Marauder  
  86  13:21  SCV  
  86  13:25  Missile Turret  
  87  13:33  SCV  
  88  13:42  Supply Depot  
  89  13:48  Supply Depot  
  89  13:50  Supply Depot  
  88  14:13  Missile Turret  
  88  14:19  Missile Turret  
  88  14:21  Missile Turret  
  88  14:22  Missile Turret  
  88  14:56  Marine x2  
  88  14:57  Marauder, Marine x4  
  96  15:31  Missile Turret  
  86  15:43  Marine x4, Marauder x2  
  86  15:44  Marine  
  95  16:01  Marine x5  
  100  16:04  Marauder, Marine  
  103  16:19  Marine x3  
  100  16:37  Command Center  
Show
View Real Time Build Order
Export as new Build Order

zod Protoss 

Build Orders:  

Get SALT Encoding   

  12  0:01  Probe (Chrono Boost)  
  13  0:11  Probe (Chrono Boost)  
  14  0:18  Pylon  
  14  0:23  Probe (Chrono Boost)  
  15  0:39  Pylon  
  15  0:48  Probe (Chrono Boost)  
  16  0:50  Gateway  
  16  1:05  Assimilator  
  16  1:13  Probe (Chrono Boost), Gateway  
  17  1:29  Probe (Chrono Boost)  
  18  1:54  Zealot  
  20  2:02  Probe (Chrono Boost)  
  20  2:05  Cybernetics Core  
  21  2:14  Probe (Chrono Boost)  
  22  2:26  Gateway  
  22  2:32  Pylon  
  22  2:36  Pylon, Assimilator  
  22  2:42  Stalker x2  
  26  2:56  Mothership Core (Chrono Boost)  
  28  3:14  Probe (Chrono Boost)  
  28  3:25  Probe (Chrono Boost)  
  29  3:32  Stalker x3  
  35  3:50  Robotics Facility  
  35  4:02  Stalker  
  37  4:28  Stalker x2  
  41  4:32  Stalker  
  41  4:37  Warp Prism  
  45  4:40  Probe (Chrono Boost)  
  46  4:50  Probe (Chrono Boost)  
  47  5:11  Pylon  
  47  5:19  Pylon  
  47  5:21  Pylon  
  47  5:26  Stargate  
  47  5:29  Adept x3  
  53  5:57  Adept  
  55  5:58  Immortal  
  55  6:02  Warp Gate (Chrono Boost)  
  56  7:03  Stalker  
  56  7:04  Stalker x2  
  62  7:33  Stalker  
  62  7:34  Stargate  
  64  7:38  Fleet Beacon  
  64  7:42  Pylon  
  64  7:44  Pylon  
  64  7:47  Pylon  
  64  8:17  Nexus  
  64  8:20  Assimilator  
  64  8:23  Assimilator  
  64  8:26  Pylon  
  64  8:28  Pylon  
  64  8:34  Tempest  
  64  8:35  Tempest  
  72  9:10  Probe  
  72  9:13  Adept  
  75  9:21  Protoss Air Weapons Level 1 (Chrono Boost)  
  75  9:31  Probe x2  
  64  11:08  Phoenix x2  
  64  11:10  Probe  
  68  11:11  Probe  
  70  11:21  Probe  
  70  11:24  Probe  
  72  11:31  Probe  
  72  11:36  Probe  
  74  11:42  Probe  
  75  11:48  Probe  
  75  11:52  Probe  
  62  12:00  Probe  
  58  12:03  Probe, Pylon  
  59  12:12  Probe  
  59  12:13  Probe  
  59  12:21  Protoss Air Weapons Level 2 (Chrono Boost)  
  55  12:24  Probe x2  
  42  13:36  Tempest  
  42  13:37  Tempest  
  50  13:44  Zealot  
  48  14:19  Tempest  
  10  16:30  Nexus  
Show
View Real Time Build Order
Export as new Build Order

drummerulas Protoss 

Build Orders: Oracle Opening 

Get SALT Encoding   

  12  0:01  Probe (Chrono Boost)  
  13  0:11  Probe (Chrono Boost)  
  14  0:20  Pylon  
  14  0:22  Probe (Chrono Boost)  
  15  0:38  Probe (Chrono Boost)  
  15  0:39  Gateway  
  16  0:44  Assimilator  
  16  0:48  Probe (Chrono Boost)  
  17  0:53  Assimilator  
  17  0:59  Probe (Chrono Boost)  
  18  1:06  Pylon  
  18  1:09  Probe (Chrono Boost)  
  19  1:20  Probe (Chrono Boost)  
  20  1:26  Cybernetics Core  
  20  1:30  Probe (Chrono Boost)  
  21  1:41  Probe (Chrono Boost)  
  22  1:50  Forge  
  22  2:00  Pylon  
  22  2:11  Warp Gate  
  22  2:17  Stargate  
  22  2:28  Photon Cannon  
  22  2:29  Probe (Chrono Boost)  
  23  2:36  Stargate  
  23  2:40  Probe (Chrono Boost)  
  24  2:53  Mothership Core (Chrono Boost)  
  24  2:57  Pylon  
  26  3:03  Pylon  
  26  3:07  Oracle (Chrono Boost)  
  29  3:16  Probe (Chrono Boost)  
  30  3:26  Photon Cannon  
  30  3:34  Oracle (Chrono Boost)  
  33  3:53  Gateway  
  33  3:54  Gateway  
  33  4:04  Probe  
  34  4:16  Probe  
  35  4:28  Probe  
  36  5:33  Void Ray (Chrono Boost)  
  44  5:39  Void Ray (Chrono Boost)  
  44  5:41  Nexus  
  44  5:42  Probe, Pylon  
  45  5:44  Pylon  
  45  5:48  Pylon  
  45  5:49  Assimilator  
  45  5:54  Probe  
  46  6:02  Gateway  
  46  6:03  Gateway  
  46  6:05  Twilight Council  
  46  6:35  Photon Cannon  
  46  6:37  Photon Cannon  
  46  6:38  Assimilator  
  46  6:41  Photon Cannon  
  54  6:47  Void Ray (Chrono Boost)  
  54  6:53  Void Ray (Chrono Boost)  
  51  7:19  Probe  
  51  7:20  Probe  
  51  7:22  Stalker x4  
  59  7:28  Stalker  
  59  7:29  Probe  
  61  7:39  Probe  
  61  7:40  Probe  
  63  7:52  Stalker x2  
  63  7:53  Probe  
  63  7:54  Probe  
  69  7:59  Protoss Ground Weapons Level 1  
  69  8:15  Void Ray (Chrono Boost)  
  69  8:18  Probe (Chrono Boost)  
  69  8:19  Probe (Chrono Boost)  
  75  8:30  Probe (Chrono Boost)  
  76  8:47  Nexus  
  76  8:48  Pylon  
  76  8:52  Pylon  
  76  9:01  Stalker x2  
  80  9:04  Stalker  
  82  9:23  Void Ray  
  86  9:26  Void Ray  
  90  9:45  Probe x2 (Chrono Boost)  
  92  9:48  Protoss Ground Armor Level 1 (Chrono Boost)  
  92  9:54  Probe (Chrono Boost)  
  92  9:55  Probe  
  92  9:56  Pylon  
  92  9:58  Assimilator  
  94  10:08  Stalker x2  
  94  10:09  Stalker x2  
  102  10:21  Blink (Chrono Boost)  
  102  10:34  Void Ray x2 (Chrono Boost)  
  110  11:06  Adept x5  
  110  11:08  Probe x2  
  110  11:09  Probe  
  123  11:16  Void Ray (Chrono Boost)  
  127  11:20  Probe x2  
  127  11:21  Probe  
  100  11:48  Stalker x2  
  100  11:49  Stalker x3  
  100  11:50  Void Ray  
  100  12:16  Void Ray  
  100  12:18  Stalker x5  
  100  12:20  Probe x2  
  116  12:33  Void Ray  
  114  12:45  Stalker x5  
  106  12:58  Void Ray  
  106  13:02  Protoss Ground Weapons Level 2  
  108  13:15  Stalker x3  
  108  13:16  Void Ray  
  118  13:39  Stalker x3  
  118  13:40  Stalker  
  126  14:07  Stalker x2  
  126  14:08  Stalker  
  132  14:19  Pylon  
  132  14:23  Pylon  
  132  14:31  Void Ray  
  132  14:36  Void Ray  
  138  15:11  Stalker x2  
  138  15:12  Stalker x3  
  148  15:15  Void Ray  
  148  15:20  Void Ray  
  147  15:27  Pylon  
  132  15:28  Pylon  
  132  15:38  Probe x2  
  130  16:02  Probe x2  
  132  16:20  Stalker x4  
  132  16:21  Stalker  
  142  16:33  Pylon  
  98  16:55  Stalker x4  
  98  16:56  Stalker  
Show
View Real Time Build Order
Export as new Build Order

stana Terran 

Build Orders: Mech 

Get SALT Encoding   

  12  0:01  SCV  
  13  0:13  SCV  
  14  0:20  Supply Depot  
  14  0:25  SCV  
  15  0:41  SCV  
  16  0:49  Barracks  
  16  0:53  Refinery  
  16  0:54  SCV  
  16  0:55  Refinery  
  17  1:08  Barracks  
  17  1:13  SCV  
  18  1:25  SCV  
  19  1:38  SCV, Barracks  
  19  1:39  Engineering Bay  
  20  1:45  Barracks Reactor  
  20  1:50  SCV  
  21  1:59  Supply Depot  
  21  2:05  Barracks Reactor  
  21  2:24  Supply Depot  
  21  2:25  Marine x2  
  23  2:30  Barracks Reactor  
  23  2:38  SCV  
  23  2:43  Marine x2  
  26  2:45  Marine  
  26  2:46  Marine  
  26  2:50  SCV  
  29  2:56  Supply Depot  
  29  3:01  Marine x2  
  29  3:03  Marine  
  29  3:04  Terran Infantry Weapons Level 1  
  32  3:13  SCV  
  33  3:20  Supply Depot  
  33  3:34  SCV  
  34  3:47  Marine x2  
  34  3:48  Marine x3  
  38  3:49  Factory, Marine  
  40  3:56  Missile Turret  
  40  4:20  Missile Turret  
  40  4:35  Factory  
  40  4:36  Factory Tech Lab  
  40  4:38  Missile Turret  
  40  4:55  Command Center  
  40  4:58  Terran Infantry Armor Level 1  
  40  5:08  SCV  
  40  5:11  Missile Turret  
  41  5:20  SCV  
  42  5:29  Factory Tech Lab  
  42  5:32  SCV  
  43  5:36  Supply Depot, Missile Turret  
  43  5:45  Supply Depot  
  43  5:48  Missile Turret  
  43  6:03  Siege Tank  
  46  6:09  Siege Tank  
  49  6:11  Missile Turret  
  49  6:14  SCV  
  50  6:23  Missile Turret  
  50  6:26  SCV  
  51  6:32  Missile Turret  
  51  6:45  Marine x3  
  51  6:46  Marine  
  55  6:52  Armory  
  55  6:53  Supply Depot  
  58  7:01  Siege Tank  
  58  7:11  Factory  
  58  7:22  Supply Depot, SCV  
  59  7:25  SCV  
  60  7:34  SCV  
  61  7:37  SCV, Refinery  
  62  7:46  SCV, Supply Depot  
  62  7:49  SCV  
  64  7:57  Factory  
  64  7:58  SCV, Factory Tech Lab  
  66  8:05  SCV  
  66  8:09  Supply Depot  
  66  8:10  SCV  
  67  8:16  Terran Vehicle Weapons Level 1  
  67  8:17  SCV  
  68  8:22  SCV, Terran Infantry Weapons Level 2  
  69  8:32  Supply Depot  
  69  8:34  SCV  
  70  8:47  SCV  
  71  8:54  Factory Tech Lab  
  71  8:56  Thor x2  
  71  8:59  SCV  
  71  9:01  Refinery  
  84  9:06  Engineering Bay  
  84  9:10  Supply Depot  
  84  9:17  Marine x3  
  84  9:20  Siege Tank  
  84  9:21  Siege Tank  
  93  9:42  Orbital Command  
  93  9:50  Armory  
  93  9:52  Marine x3  
  94  9:53  Marine x3  
  94  9:56  Terran Infantry Armor Level 2  
  99  10:04  Thor  
  105  10:10  Marine  
  106  10:22  Orbital Command  
  106  10:24  Missile Turret  
  106  10:26  Supply Depot  
  106  10:30  Terran Vehicle Weapons Level 2  
  106  10:48  Supply Depot  
  106  11:02  Marine x6  
  112  11:08  Terran Infantry Weapons Level 3  
  112  11:15  Thor  
  118  11:19  Marine  
  118  11:20  Marine x5  
  124  11:37  Marine x2  
  124  11:38  Marine  
  127  11:49  Marine x2  
  127  11:50  Marine  
  127  11:51  Thor x2  
  142  12:14  Terran Vehicle And Ship Armor Level 1  
  142  12:25  Terran Infantry Armor Level 3  
  111  13:00  Thor  
  111  13:02  Marine  
  111  13:03  Marine x2  
  111  13:04  Marine x3  
  111  13:20  Marine  
  111  13:21  Marine x3  
  111  13:22  Marine x2  
  117  13:29  Siege Tank x2  
  123  13:38  Marine  
  123  13:39  Marine x4  
  126  15:08  Siege Tank x2  
  126  15:09  Siege Tank x2  
  138  16:07  Supply Depot  
  138  16:11  Supply Depot  
  138  16:18  Supply Depot  
  138  16:24  Supply Depot  
  138  16:29  Supply Depot  
  138  16:40  Siege Tank, Marine  
  138  16:45  Marine  
  138  16:46  Siege Tank  
  146  16:58  Marine  
  147  17:03  Marine  
  148  17:15  Marine  
Show
View Real Time Build Order
Export as new Build Order

Huhmmer Zerg 

Build Orders: Hatch First 

Get SALT Encoding   

  12  0:02  Drone  
  13  0:11  Drone  
  14  0:21  Overlord  
  14  0:40  Drone  
  15  0:47  Hatchery  
  14  0:53  Drone  
  15  1:10  Spawning Pool  
  14  1:18  Drone  
  15  1:21  Extractor  
  15  1:22  Drone  
  15  1:23  Drone  
  16  1:34  Drone  
  17  2:00  Queen, Zergling x4  
  21  2:03  Zergling x2  
  21  2:07  Queen  
  24  2:17  Drone  
  24  2:18  Drone  
  24  2:21  Drone  
  27  2:25  Metabolic Boost  
  27  2:26  Overlord  
  27  2:35  Drone  
  28  2:47  Drone x2  
  28  2:49  Drone x2  
  31  3:03  Drone  
  31  3:05  Drone  
  32  3:10  Zergling x4  
  34  3:14  Overlord  
  34  3:19  Extractor  
  33  3:22  Baneling Nest  
  33  3:24  Overlord  
  32  3:36  Lair  
  32  3:37  Drone  
  32  3:38  Drone x2  
  35  3:47  Drone x3  
  38  3:49  Drone x3  
  41  3:56  Drone  
  41  3:58  Overlord  
  42  4:15  Pneumatized Carapace  
  42  4:17  Drone x2  
  42  4:18  Drone x2  
  42  4:20  Extractor  
  45  4:28  Hatchery  
  44  4:33  Evolution Chamber  
  44  4:35  Evolution Chamber  
  42  4:40  Drone x3, Extractor  
  42  4:41  Drone  
  46  4:52  Drone  
  46  4:53  Drone x4  
  46  4:57  Spire  
  49  5:05  Spore Crawler  
  43  5:07  Spore Crawler  
  42  5:32  Spore Crawler  
  41  5:43  Drone x3  
  41  5:44  Drone  
  41  5:45  Queen  
  41  5:46  Drone  
  41  5:47  Queen  
  50  5:52  Overlord x3  
  50  5:59  Overseer  
  50  6:01  Drone  
  51  6:05  Spore Crawler  
  51  6:11  Drone x3  
  53  6:45  Zergling x12  
  53  6:46  Zergling x16  
  65  6:58  Queen  
  67  7:03  Overlord x3  
  67  7:20  Zerg Flyer Weapons Level 1  
  67  7:26  Drone x4  
  67  7:28  Overlord  
  71  7:30  Overseer  
  71  7:42  Mutalisk  
  71  7:43  Mutalisk x8  
  89  7:47  Overseer  
  89  7:55  Drone x2  
  89  7:56  Drone x3  
  94  7:59  Extractor  
  94  8:02  Extractor  
  92  8:14  Mutalisk x6  
  104  8:29  Drone  
  104  8:33  Overlord  
  104  8:34  Overlord x3  
  105  8:41  Zerg Ground Armor Level 1  
  105  8:42  Zerg Melee Weapons Level 1  
  105  8:52  Drone x2  
  107  9:02  Mutalisk x6  
  119  9:16  Zerg Flyer Armor Level 1  
  119  9:33  Hatchery  
  119  9:35  Drone x3  
  119  9:36  Drone x4  
  125  9:48  Drone  
  126  9:56  Mutalisk  
  126  9:57  Mutalisk x4  
  126  9:59  Overlord x4  
  130  10:36  Mutalisk x6  
  130  10:37  Mutalisk x3  
  145  10:50  Zerg Melee Weapons Level 2  
  143  11:16  Zerg Flyer Weapons Level 2  
  143  11:20  Overseer  
  143  11:44  Mutalisk x7  
  125  12:21  Hatchery  
  118  12:49  Mutalisk  
  118  12:50  Mutalisk x10  
  136  13:36  Zerg Flyer Armor Level 2  
  136  13:43  Infestation Pit  
  135  13:51  Zergling x2  
  135  13:52  Zergling x44  
  135  13:53  Zergling x16  
  149  14:44  Extractor  
  148  15:00  Zergling x20  
  148  15:01  Zergling x12  
  160  15:35  Mutalisk  
  160  15:36  Mutalisk x3  
  160  15:40  Overlord x3  
  160  15:41  Overlord  
  166  16:06  Mutalisk x15  
  130  17:04  Zergling x14  
  130  17:05  Zergling x14  
Show
View Real Time Build Order
Export as new Build Order

Andr Protoss 

Build Orders:  

Get SALT Encoding   

  12  0:13  Pylon  
  12  0:16  Probe (Chrono Boost)  
  13  0:34  Forge  
  13  0:42  Pylon  
  13  0:48  Assimilator  
  13  0:57  Assimilator  
  13  1:00  Probe (Chrono Boost)  
  14  1:11  Probe (Chrono Boost)  
  15  1:20  Photon Cannon  
  15  1:28  Photon Cannon  
  15  1:32  Probe (Chrono Boost)  
  16  1:43  Probe (Chrono Boost)  
  17  2:00  Probe (Chrono Boost)  
  18  2:10  Probe (Chrono Boost)  
  19  2:21  Probe (Chrono Boost)  
  20  2:31  Probe (Chrono Boost)  
  21  2:42  Probe (Chrono Boost), Nexus  
  22  2:46  Pylon  
  22  2:50  Pylon  
  22  2:54  Pylon  
  22  3:14  Photon Cannon  
  22  3:17  Photon Cannon  
  22  3:22  Photon Cannon  
  22  3:26  Photon Cannon  
  22  3:43  Assimilator  
  22  3:47  Assimilator  
  22  3:49  Photon Cannon  
  22  3:55  Pylon  
  22  4:06  Photon Cannon  
  22  4:15  Pylon  
  22  4:20  Photon Cannon  
  22  4:36  Probe (Chrono Boost)  
  22  4:46  Probe (Chrono Boost)  
  22  4:57  Probe (Chrono Boost)  
  22  4:59  Photon Cannon  
  23  5:03  Photon Cannon  
  23  5:07  Probe (Chrono Boost)  
  24  5:18  Probe (Chrono Boost)  
  25  5:22  Gateway  
  25  5:30  Probe (Chrono Boost)  
  26  5:40  Probe (Chrono Boost)  
  27  5:44  Pylon  
  27  5:49  Pylon  
  27  5:51  Probe (Chrono Boost)  
  27  5:53  Pylon  
  28  6:01  Probe (Chrono Boost)  
  29  6:12  Cybernetics Core, Probe (Chrono Boost)  
  30  6:23  Probe (Chrono Boost)  
  30  6:24  Photon Cannon  
  31  6:29  Photon Cannon  
  31  6:33  Probe (Chrono Boost)  
  31  6:38  Photon Cannon  
  32  7:07  Photon Cannon  
  32  7:10  Stargate  
  32  7:14  Pylon  
  32  7:16  Stargate  
  32  7:19  Assimilator  
  31  7:30  Photon Cannon  
  31  7:33  Photon Cannon  
  31  7:36  Photon Cannon  
  31  7:40  Pylon  
  31  7:41  Mothership Core (Chrono Boost)  
  33  7:47  Photon Cannon  
  33  7:54  Assimilator  
  33  7:56  Void Ray  
  37  7:59  Probe (Chrono Boost)  
  38  8:09  Probe (Chrono Boost)  
  38  8:11  Protoss Shields Level 1  
  39  8:14  Void Ray  
  43  8:20  Probe (Chrono Boost)  
  44  8:39  Void Ray  
  48  8:51  Probe (Chrono Boost)  
  49  8:57  Void Ray  
  49  9:01  Probe (Chrono Boost)  
  54  9:06  Stargate  
  54  9:12  Probe (Chrono Boost)  
  54  9:14  Photon Cannon  
  55  9:22  Probe (Chrono Boost)  
  55  9:24  Void Ray (Chrono Boost)  
  60  9:33  Probe (Chrono Boost)  
  61  9:42  Void Ray (Chrono Boost)  
  69  9:53  Void Ray (Chrono Boost)  
  73  10:10  Void Ray (Chrono Boost)  
  77  10:26  Void Ray (Chrono Boost)  
  85  11:21  Void Ray (Chrono Boost)  
  85  11:22  Void Ray (Chrono Boost)  
  19  12:50  Stargate  
  19  12:51  Stargate  
  19  12:57  Pylon  
  19  12:59  Pylon  
  19  13:04  Pylon  
  19  13:26  Photon Cannon  
  19  13:28  Photon Cannon  
  19  13:31  Photon Cannon  
  19  13:40  Photon Cannon  
  27  13:43  Void Ray x2 (Chrono Boost)  
  27  13:45  Stargate  
  27  13:47  Stargate  
  26  14:22  Nexus  
  26  14:25  Pylon  
  26  14:30  Pylon  
  26  14:33  Pylon  
  26  14:37  Pylon  
  41  14:53  Void Ray x4 (Chrono Boost)  
  45  15:35  Void Ray (Chrono Boost)  
Tags
 
Add a new tag
Caveats
  • Supply blocks, unpowered buildings, or Contaminate may cause inaccurate times.
  • Supply counts are checked every 10 seconds.